 Dungeon Crawl Stone Soup version 0.18.1-2-ga659475 (webtiles) character file.

70 EndlessMike the Conjurer (level 4, -2/24 HPs)
             Began as a Tengu Conjurer on May 7, 2016.
             Slain by a gnoll
             ... wielding a +0 spear
              (9 damage)
             ... on level 2 of the Dungeon.
             The game lasted 00:02:51 (1091 turns).

EndlessMike the Conjurer (Tengu Conjurer)           Turns: 1091, Time: 00:02:52

Health: -2/24      AC:  2    Str:  9    XL:     4   Next: 22%
Magic:  2/9        EV:  7    Int: 16    God:
Gold:   25         SH:  0    Dex: 14    Spells: 1 memorised, 8 levels left

rFire  . . .     SeeInvis .     (no weapon)
rCold  . . .     Gourm    .     a - +0 robe
rNeg   . . .     Faith    .     (no shield)
rPois  .         Spirit   .     (helmet restricted)
rElec  .         Dismiss  .     (no cloak)
rCorr  .         Reflect  .     (no gloves)
SustAt .         Harm     .     (boots unavailable)
MR     .....                    (no amulet)
Stlth  ++........               (no ring)
                                (no ring)

@: lethally poisoned (-2 -> -3), not resistant to hostile enchantments,
unstealthy
A: beak, talons 3
a: no special abilities


You were on level 2 of the Dungeon.
You were not hungry.

You visited 1 branch of the dungeon, and saw 2 of its levels.

You collected 25 gold pieces.

Inventory:

Armour
 a - a +0 robe (worn)
Jewellery
 e - an uncursed ring of ice
Scrolls
 d - a scroll of identify {unknown}
 g - a scroll of fear {unknown}
 i - a scroll of remove curse {unknown}
 k - 2 scrolls of teleportation {unknown}
 n - a scroll of blinking {unknown}
 o - a scroll of noise {unknown}
Potions
 f - a potion of mutation {unknown}
 j - 2 potions of flight {unknown}
 m - a potion of berserk rage {unknown}
Books
 b - a book of Conjurations

   Spells                             Type                      Level
   a - Magic Dart                     Conjuration                  1
   b - Searing Ray                    Conjuration                  2
   c - Dazzling Spray                 Conjuration/Hexes            3
   d - Fulminant Prism                Conjuration/Hexes            4
   e - Iskenderun's Mystic Blast      Conjuration                  4
   f - Iskenderun's Battlesphere      Conjuration/Charms           5
Comestibles
 c - a bread ration
 h - 3 chunks of flesh
 l - a meat ration


   Skills:
 - Level 2.1 Dodging
 - Level 2.0 Stealth
 + Level 3.0 Spellcasting
 * Level 6.6 Conjurations


You had 8 spell levels left.
You knew the following spells:

 Your Spells              Type           Power        Failure   Level  Hunger
z - Magic Dart            Conj           ###.         1%          1    #......


Dungeon Overview and Level Annotations

Branches:
Dungeon (2/15)

Altars:

Annotations:
D:2 Natasha


Innate Abilities, Weirdness & Mutations

You have a beak for a mouth.
You have claws for feet.


Message History

A gnoll comes into view. It is wielding a flail.
The adder closely misses you.
Found an escape hatch in the floor.
Found a scroll labeled CIKHLELLE ESIW and a viscous white potion.
The gnoll shouts!
The adder bites you.
You are poisoned.
The adder poisons you!
Found a dented fluorescent amulet.
You feel sick. The adder barely misses you. The gnoll barely misses you.
The adder closely misses you.
Found a scroll labeled LIYMAL KIFENIM.
Found a stone staircase leading down.
The gnoll hits you from afar with a spear.
You feel sick. The gnoll barely misses you. The adder bites you.
The adder bites you.
Natasha, Servant of Life and Death comes into view.
You feel sick.
There is an escape hatch in the floor here.
The gnoll hits you from afar with a spear!
You die...

#.
#..######....###<.#
#..###............#
##..
####......###########
## ......#.[........
..?.....#........
..!....#g........
.......#.g......h
.>....##.S..."...
...... #.@..?....
###### #.........
##........ ##.......
#######


You could see Natasha (sleeping), 2 gnolls and an adder.

Vanquished Creatures
  Ijyb (D:2)
  A gnoll (D:2)
  An ooze (D:1)
  5 bats (D:1)
  2 giant cockroaches (D:1)
  3 hobgoblins (D:1)
  6 jackals
  A giant newt (D:1)
  4 goblins (D:1)
  4 kobolds (D:1)
  2 rats (D:1)
30 creatures vanquished.

Notes
Turn   | Place    | Note
--------------------------------------------------------------
     0 | D:1      | EndlessMike the Tengu Conjurer began the quest for the Orb.
     0 | D:1      | Reached XP level 1. HP: 10/10 MP: 4/4
   197 | D:1      | Reached XP level 2. HP: 15/15 MP: 3/6
   538 | D:1      | Reached XP level 3. HP: 19/19 MP: 5/7
   807 | D:1      | Reached skill level 6 in Conjurations
  1027 | D:2      | Noticed Ijyb
  1035 | D:2      | Killed Ijyb
  1035 | D:2      | Reached XP level 4. HP: 24/24 MP: 1/9
  1090 | D:2      | Noticed Natasha
  1091 | D:2      | Slain by a gnoll

Skill      XL: |  1  2  3 |
---------------+----------+-----
Conjurations   | 6 |  6.6
Spellcasting   | 3 |  3.0
Dodging        | |  2.1
Stealth        | |  2.0

Action                   |  1- 3 |  4- 6 || total
-------------------------+-------+-------++-------
Melee: Unarmed           |    26 |       ||    26
       Kick              |     4 |       ||     4
       Peck              |     1 |       ||     1
 Cast: Magic Dart        |    63 |     7 ||    70
  Eat: Chunk             |     1 |       ||     1
Armor: Robe              |     7 |       ||     7
Dodge: Dodged            |    25 |     6 ||    31
